 Dungeon Crawl Stone Soup version 0.19-a0-1384-gbb462ca (webtiles) character file.

129 sveltemanboy the Poker (level 4, -3/33 HPs)
             Began as a Demonspawn Gladiator on Sept 3, 2016.
             Slain by Grinder (5 damage)
             ... on level 3 of the Dungeon.
             The game lasted 00:07:35 (2339 turns).

sveltemanboy the Poker (Demonspawn Gladiator)       Turns: 2339, Time: 00:07:36

Health: -3/33      AC: 11    Str: 17    XL:     4   Next: 88%
Magic:  4/4        EV: 10    Int:  9    God:
Gold:   128        SH:  0    Dex: 13    Spells: 0 memorised, 3 levels left

rFire  + . .     SeeInvis .     a - +0 trident
rCold  + . .     Gourm    .     v - +4 scale mail {rF+}
rNeg   . . .     Faith    .     (no shield)
rPois  .         Spirit   .     c - +0 helmet
rElec  .         Dismiss  +     (no cloak)
rCorr  .         Reflect  .     (no gloves)
MR     .....     Harm     .     (no boots)
Stlth  ..........               d - amulet of dismissal
                                (no ring)
                                (no ring)

@: flying (expiring)
A: thin skeletal structure 1, clumsy 1, cold resistance 1, mutation resistance 1
a: no special abilities


You were on level 3 of the Dungeon.
You were hungry.

You visited 1 branch of the dungeon, and saw 3 of its levels.

You collected 128 gold pieces.

Inventory:

Hand Weapons
 a - a +0 trident (weapon)
Missiles
 e - 104 stones (quivered)
 q - 8 poisoned needles
Armour
 c - a +0 helmet (worn)
 v - a +4 scale mail of fire resistance (worn)
Jewellery
 d - an amulet of dismissal (around neck)
 r - an uncursed amulet of rage
Scrolls
 b - a scroll of random uselessness {unknown}
 g - 2 scrolls of amnesia {unknown}
 i - a scroll of magic mapping {unknown}
 k - 2 scrolls of remove curse {unknown}
 l - a scroll of fog {unknown}
 m - 2 scrolls of identify {unknown}
 n - a scroll of fear {unknown}
Potions
 o - 2 potions of flight
Comestibles
 f - 3 bread rations
 j - 2 royal jellies
 p - 3 fruits


   Skills:
 - Level 2.0 Fighting
 * Level 4.4 Polearms
 - Level 1.7 Throwing
 + Level 2.1 Armour
 - Level 2.6 Dodging


You had 3 spell levels left.
You didn't know any spells.

Dungeon Overview and Level Annotations

Branches:
Dungeon (3/15)

Altars:
Gozag

Annotations:
D:3 Grinder


Innate Abilities, Weirdness & Mutations

You have a somewhat thin skeletal structure. (Dex +2, Stealth)
You are clumsy. (Dex -2)
Your flesh is cold resistant. (rC+)
You are somewhat resistant to further mutation.


Message History

Grinder is heavily wounded.
Grinder gestures at you.
You suddenly lose the ability to move!
Grinder hits you!
* * * LOW HITPOINT WARNING * * *
Grinder hits you but does no damage.
You can move again.
You barely miss Grinder.
Grinder is heavily wounded.
You are starting to lose your buoyancy.
Grinder hits you but does no damage.
You hit Grinder but do no damage.
Grinder is heavily wounded.
Grinder hits you but does no damage.
You completely miss Grinder.
Grinder is heavily wounded.
Grinder hits you.
* * * LOW HITPOINT WARNING * * *
You writhe in agony.
You die...

#.# ###..###.........
#.# #....# #.†..#####
#.# #....###....# #.#
#..[......#)# #.#
###......##[#
#.#####......##†#
#.#..........##.#
#.#.#####.....÷.#####
#..#@# ###..##......
#.###5.......####....
##. ######... .... #
#.### ##.# #.. .. ##
#


You could see Grinder.

Vanquished Creatures
  Terence (D:3)
  4 adders
  2 worms
  3 dart slugs
  A giant gecko (D:2)
  9 goblins
  6 hobgoblins
  2 quokkas (D:2)
  A ball python (D:3)
  8 bats
  3 giant newts
  9 kobolds
  8 rats
57 creatures vanquished.

Notes
Turn   | Place    | Note
-------+----------+-------------------------------------------
     0 | D:1      | sveltemanboy the Demonspawn Gladiator began the quest for the Orb.
     0 | D:1      | Reached XP level 1. HP: 16/16 MP: 1/1
   207 | D:1      | Reached skill level 3 in Polearms
   412 | D:1      | Gained mutation: You have a somewhat thin skeletal structure. (Dex +2, Stealth) [demonic ancestry]
   412 | D:1      | Reached XP level 2. HP: 21/22 MP: 2/2
   588 | D:1      | You fall through a shaft!
   708 | D:1      | Reached skill level 1 in Armour
   892 | D:1      | Reached XP level 3. HP: 27/27 MP: 3/3
  1182 | D:2      | Found an opulent altar of Gozag.
  1348 | D:2      | Reached skill level 4 in Polearms
  1348 | D:2      | Reached XP level 4. HP: 25/33 MP: 4/4
  1902 | D:3      | Noticed Terence
  1936 | D:3      | Killed Terence
  2316 | D:3      | Noticed Grinder
  2317 | D:3      | Gained mutation: Your flesh is cold resistant. (rC+) [potion of mutation]
  2317 | D:3      | Gained mutation: You are somewhat resistant to further mutation. [potion of mutation]
  2317 | D:3      | Gained mutation: You are clumsy. (Dex -2) [potion of mutation]
  2324 | D:3      | Paralysed by Grinder for 6 turns
  2334 | D:3      | Paralysed by Grinder for 3 turns
  2339 | D:3      | Slain by Grinder

Vault maps used:
D:1:      minmay_arrival_wavy_path
D:2:      nicolae_gozag_cash_rules_everything_around_me
D:3:      first_bread, uniq_sigmund, uniq_terence, uniq_grinder

Skill      XL: |  1  2  3  4 |
---------------+-------------+-----
Polearms       | 3 4 |  4.4
Armour         | 1 2 |  2.1
Fighting       | |  2.0
Throwing       | |  1.7
Dodging        | |  2.6

Action                   |  1- 3 |  4- 6 || total
-------------------------+-------+-------++-------
Melee: Trident           |   114 |    80 ||   194
Throw: Stone             |    48 |    23 ||    71
       Throwing net      |     4 |     1 ||     5
  Use: Potion            |       |     4 ||     4
 Stab: Sleeping          |     5 |       ||     5
  Eat: Chunk             |     1 |     3 ||     4
Armor: Leather armour    |    32 |     5 ||    37
       Scale mail        |       |    15 ||    15
Dodge: Dodged            |    52 |    34 ||    86
